Map: Blackpink LE

Players

Pain - Winner!

  • Race: Terran Terran
  • Spawn Location: 1:00

A.I. 1 (Medium)

  • Race: Protoss Protoss
  • Spawn Location: 7:00

VOD

Have the link to the VOD?

Description

Time

  • Played on: March 10, 2018, 2:58 a.m.
  • Length: 22:03
Show
View Real Time Build Order
Export as new Build Order

Pain Terran - Winner!

Build Orders:  

Get SALT Encoding   

  12  0:11  SCV  
  13  0:23  Supply Depot  
  13  0:40  Engineering Bay  
  14  0:42  SCV  
  14  0:53  Barracks  
  14  0:55  SCV  
  15  1:07  SCV  
  16  1:19  SCV  
  16  1:20  Refinery  
  17  1:43  Supply Depot  
  17  1:47  Marine  
  18  1:57  Orbital Command  
  18  2:05  Marine  
  19  2:23  Marine  
  21  2:37  SCV  
  21  2:39  Terran Infantry Weapons Level 1  
  21  2:40  Marine  
  22  2:49  SCV  
  23  2:53  Missile Turret  
  23  2:58  Marine  
  23  3:01  SCV  
  25  3:13  SCV  
  25  3:16  Marine  
  27  3:26  Factory  
  27  3:36  Marine  
  27  3:37  Barracks  
  28  3:54  Marine  
  29  4:12  Marine  
  30  4:24  Command Center  
  30  4:28  Factory Tech Lab  
  30  4:29  Marine  
  31  4:37  Factory  
  31  5:02  Supply Depot  
  31  5:23  Marine  
  31  5:26  Supply Depot  
  32  5:35  Marine  
  27  5:38  Refinery  
  28  5:48  Barracks Reactor  
  27  5:50  Supply Depot  
  27  5:51  Terran Infantry Armor Level 1  
  27  5:53  Marine  
  28  6:10  Marine  
  29  6:14  Supply Depot, Factory Reactor  
  29  6:17  Siege Tank  
  32  6:23  SCV, Refinery  
  33  6:28  Marine  
  33  6:30  Marine x2  
  36  6:35  SCV  
  36  6:37  SCV  
  36  6:39  Supply Depot  
  38  6:46  Marine  
  39  6:47  Marine  
  39  6:48  Marine  
  39  6:49  SCV  
  42  7:01  SCV  
  42  7:04  Marine  
  42  7:05  Marine x2  
  46  7:13  SCV  
  47  7:22  Marine  
  48  7:23  Marine x2  
  48  7:25  SCV  
  47  7:38  SCV  
  47  7:40  Marine  
  42  7:50  SCV  
  41  8:09  Starport  
  41  8:20  Armory  
  41  8:39  SCV  
  42  8:43  Siege Tank  
  42  8:46  Starport  
  45  8:51  SCV  
  45  8:52  Marine x3  
  49  9:09  Terran Infantry Weapons Level 2  
  49  9:10  Marine x3  
  49  9:15  Siege Tank  
  55  9:27  Marine  
  55  9:28  Marine x2  
  58  9:45  Marine  
  58  9:47  Siege Tank  
  58  9:48  Command Center  
  62  10:03  Medivac  
  64  10:09  Starport Reactor  
  64  10:28  Terran Vehicle Weapons Level 1  
  64  10:33  Medivac  
  66  10:52  Marine x2  
  68  10:57  Marine  
  68  11:00  Siege Tank  
  68  11:03  Supply Depot  
  72  11:09  Marine  
  72  11:10  Marine  
  74  11:12  SCV, Supply Depot  
  74  11:15  Marine  
  76  11:24  SCV, Terran Infantry Armor Level 2  
  76  11:25  Supply Depot  
  77  11:27  Marine x2  
  77  11:28  Missile Turret  
  77  11:31  Refinery  
  79  11:32  Marine  
  79  11:34  SCV  
  79  11:35  Supply Depot  
  79  11:36  SCV  
  82  11:45  Marine x2  
  82  11:46  SCV  
  85  11:48  SCV, Supply Depot  
  85  11:50  Marine  
  85  11:51  Missile Turret  
  87  11:58  SCV, Supply Depot  
  87  12:00  SCV  
  89  12:08  Marine  
  89  12:10  SCV  
  89  12:12  SCV  
  85  12:22  SCV, Terran Vehicle And Ship Armor Level 1  
  84  12:27  Marine x3  
  87  12:32  Siege Tank  
  90  12:44  Widow Mine x2  
  90  12:45  Marine x3  
  97  12:55  Starport Tech Lab  
  97  12:58  Medivac x2  
  101  13:02  Marine  
  101  13:03  Marine x2  
  101  13:04  Siege Tank  
  107  13:06  Widow Mine x2  
  107  13:12  SCV  
  112  13:18  Orbital Command  
  112  13:20  Marine x3  
  112  13:24  SCV  
  116  13:28  Medivac  
  116  13:29  Refinery  
  118  13:36  SCV, Siege Tank  
  118  13:38  Marine  
  123  13:48  SCV  
  124  14:00  SCV  
  125  14:08  Siege Tank  
  128  14:29  Marine x3  
  131  14:40  Siege Tank  
  131  14:42  Banshee  
  131  14:44  Medivac x2  
  141  14:47  Marine x3  
  144  15:05  Marine x3  
  147  15:23  Marine x2  
  149  15:28  Supply Depot  
  149  15:36  Banshee, Marine  
  149  15:37  Siege Tank  
  154  15:51  Supply Depot  
  154  15:54  Marine  
  135  16:09  Siege Tank  
  138  16:14  Supply Depot  
  138  16:19  Banshee  
  141  16:26  Marine x3  
  141  16:31  Widow Mine x2  
  148  16:38  Supply Depot  
  148  16:41  Medivac x2, Siege Tank  
  148  16:43  Marine  
  148  16:44  Marine x2  
  150  17:01  Supply Depot, Marine x2  
  150  17:02  Medivac, Marine  
  154  17:11  Medivac x2  
  158  17:19  Marine x3  
  161  17:24  Liberator  
  161  17:25  Supply Depot  
  161  17:32  Banshee  
  164  17:37  Marine x3  
  169  17:55  Marine x3  
  170  18:12  Marine  
  170  18:13  Marine x2  
  170  18:15  Banshee  
  176  18:31  Marine  
  177  18:57  Banshee  
  152  20:37  Marine x3  
  159  20:50  Viking  
  159  20:51  Medivac  
  159  20:55  Banshee, Marine x3  
  165  21:13  Marine x3  
  168  21:20  Medivac  
  168  21:21  Medivac  
  172  21:31  Marine x3  
Show
View Real Time Build Order
Export as new Build Order

A.I. 1 (Medium) Protoss 

Build Orders:  

Get SALT Encoding   

  12  0:00  Probe  
  13  0:13  Probe  
  14  0:20  Pylon  
  14  0:25  Probe  
  15  0:34  Probe  
  16  0:42  Probe  
  16  0:47  Assimilator  
  17  0:50  Gateway  
  17  0:51  Probe  
  18  1:00  Pylon  
  18  1:28  Gateway  
  18  1:32  Assimilator  
  18  1:42  Zealot, Cybernetics Core  
  20  2:04  Pylon  
  20  2:08  Warp Gate  
  20  2:19  Adept  
  22  2:37  Zealot  
  24  2:49  Pylon  
  24  2:56  Adept  
  26  3:10  Probe  
  27  3:14  Adept  
  29  3:22  Probe  
  30  3:29  Pylon  
  30  3:33  Stalker  
  32  3:34  Probe  
  33  3:45  Forge  
  33  3:46  Probe  
  34  3:51  Adept  
  36  3:58  Probe  
  37  4:06  Probe  
  37  4:11  Adept  
  40  4:29  Adept  
  42  4:48  Adept  
  44  5:46  Probe  
  44  6:48  Stalker  
  44  6:49  Probe  
  44  6:53  Pylon  
  47  6:55  Photon Cannon  
  47  6:56  Nexus  
  47  6:57  Photon Cannon  
  47  6:59  Robotics Facility  
  47  7:02  Sentry, Stargate  
  47  7:03  Twilight Council  
  47  7:08  Gateway  
  49  7:11  Forge  
  49  7:15  Pylon  
  49  7:17  Stalker  
  51  7:31  Stalker  
  37  7:45  Stalker  
  37  7:48  Observer  
  36  8:00  Sentry  
  38  8:05  Observer  
  38  8:09  Probe x2  
  41  8:14  Zealot  
  41  8:19  Assimilator, Probe  
  43  8:21  Probe  
  43  8:23  Pylon  
  43  8:25  Pylon  
  45  8:28  Zealot, Probe  
  45  8:33  Probe  
  49  8:40  Probe  
  50  8:42  Adept  
  50  8:45  Probe  
  53  8:50  Photon Cannon  
  53  8:52  Probe  
  53  8:53  Photon Cannon  
  54  8:57  Adept, Photon Cannon  
  54  8:58  Probe  
  54  9:02  Probe  
  58  9:10  Probe x2  
  58  9:11  Stalker  
  62  9:18  Probe  
  62  9:19  Probe  
  64  9:26  Probe  
  65  9:31  Probe  
  65  9:36  Probe  
  67  9:46  Observer  
  67  10:05  Assimilator  
  67  10:24  Probe  
  68  11:18  Protoss Ground Weapons Level 1  
  68  11:28  Protoss Ground Armor Level 1  
  68  11:38  Immortal  
  72  11:42  Gateway  
  72  11:46  Nexus, Dark Shrine  
  72  11:47  Zealot  
  74  12:09  Zealot  
  64  12:16  Warp Prism  
  64  12:19  Zealot  
  58  12:28  Adept  
  60  12:37  Sentry  
  62  12:46  Stalker  
  62  12:50  Warp Prism  
  64  12:56  Stalker  
  68  12:58  Probe  
  68  13:01  Probe  
  68  13:04  Probe  
  68  13:05  Stalker  
  73  13:09  Assimilator  
  73  13:11  Assimilator, Probe  
  74  13:14  Probe  
  74  13:16  Probe  
  74  13:19  Observer  
  76  13:23  Probe  
  76  13:26  Probe  
  79  13:29  Probe  
  79  13:31  Immortal  
  80  13:35  Probe  
  85  14:49  Protoss Ground Weapons Level 2  
  85  15:01  Protoss Air Weapons Level 1  
  85  15:05  Immortal  
  85  15:09  Stalker  
  85  15:10  Protoss Ground Armor Level 2  
  87  15:15  Sentry  
  89  15:57  Zealot  
  89  16:03  Stalker  
  69  16:09  Zealot  
  71  16:16  Zealot  
  73  16:22  Adept  
  75  16:29  Sentry  
  77  16:35  Stalker  
  77  16:36  Nexus  
  79  16:42  Stalker  
  79  16:45  Protoss Air Armor Level 1  
  79  16:46  Protoss Shields Level 1  
  81  16:49  Immortal  
  83  16:55  Adept  
  71  17:02  Sentry  
  71  17:06  Protoss Ground Weapons Level 3  
  68  17:08  Zealot  
  68  17:11  Probe  
  68  17:14  Probe  
  68  17:15  Sentry  
  54  17:17  Probe  
  54  17:21  Zealot  
  52  17:23  Probe  
  52  17:26  Probe  
  52  17:28  Zealot, Probe  
  51  17:34  Stalker  
  51  17:35  Probe  
  51  17:36  Probe  
  40  17:38  Probe  
  40  17:41  Stalker  
  36  17:47  Stalker, Probe  
  35  17:52  Probe  
  35  17:53  Probe  
  35  17:54  Adept  
  35  17:58  Assimilator  
  32  17:59  Probe  
  32  18:00  Stalker, Pylon  
  32  18:01  Pylon  
  32  18:03  Assimilator  
  32  18:04  Probe  
  30  18:05  Probe  
  30  18:07  Sentry  
  30  18:11  Probe  
  32  18:13  Zealot  
  32  18:16  Probe  
  32  18:18  Probe  
  31  18:20  Sentry  
  31  18:21  Photon Cannon  
  31  18:22  Photon Cannon  
  31  18:23  Probe  
  31  18:26  Immortal  
  35  18:29  Fleet Beacon, Probe  
  35  18:30  Probe  
  35  18:32  Zealot  
  37  18:35  Probe  
  37  18:39  Zealot  
  37  18:41  Probe  
  40  18:42  Probe  
  40  18:45  Stalker  
  40  18:48  Probe  
  42  18:50  Stalker  
  42  18:53  Probe  
  42  18:54  Probe  
  43  18:56  Stalker  
  43  19:00  Probe  
  43  19:02  Adept  
  42  19:05  Probe  
  42  19:06  Probe  
  42  19:08  Stalker  
  44  19:12  Probe  
  44  19:14  Sentry  
  47  19:17  Probe  
  47  19:18  Probe  
  47  19:20  Zealot  
  47  19:21  Nexus  
  45  19:24  Probe  
  45  19:25  Sentry, Assimilator  
  45  19:29  Assimilator, Probe  
  45  19:30  Probe  
  45  19:31  Stalker  
  45  19:36  Probe  
  45  19:37  Stalker  
  46  19:41  Probe x2  
  46  19:43  Stalker  
  44  19:49  Stalker, Probe  
  44  19:54  Zealot  
  47  20:08  Zealot  
  47  20:12  Probe  
  47  20:14  Probe  
  46  20:22  Probe  
  46  20:24  Probe  
  38  20:30  Probe  
  30  20:36  Probe  
  30  20:41  Probe  
  25  20:47  Probe  
  24  20:54  Probe  
  23  21:06  Probe  
  22  21:19  Pylon  
Tags
 
Matchup
PvT
Replay Pack
RP
Spawn Locations
Cross Positions
Add a new tag
Caveats
  • Supply blocks, unpowered buildings, or Contaminate may cause inaccurate times.
  • Supply counts are checked every 10 seconds.